 Dungeon Crawl Stone Soup version 0.23-a0-386-g9c9d49f (webtiles) character file.

112 XanderDroid the Chopper (level 4, -7/41 HPs)
             Began as a Hill Orc Monk on Oct 28, 2018.
             Mangled by a gnoll
             ... wielding a +0 halberd
              (11 damage)
             ... on level 3 of the Dungeon.
             The game lasted 00:09:14 (2124 turns).

XanderDroid the Chopper (Hill Orc Monk)             Turns: 2124, Time: 00:09:15

Health: -7/41      AC:  6    Str: 14    XL:     4   Next: 95%
Magic:  4/4        EV: 10    Int: 10    God:
Gold:   139        SH:  0    Dex: 10    Spells: 3/3 levels left

rFire    . . .     SeeInvis .   p - +0 war axe
rCold    . . .     Gourm    .   (no shield)
rNeg     . . .     Faith    .   g - +0 scale mail
rPois    .         Spirit   .   (no helmet)
rElec    .         Reflect  .   (no cloak)
rCorr    .         Harm     .   (no gloves)
MR       .....                  (no boots)
Stlth    ..........             (no amulet)
HPRegen  0.13/turn              l - -3 ring of dexterity (curse)
MPRegen  0.09/turn              (no ring)

@: no status effects
A: no striking features
a: no special abilities


You were on level 3 of the Dungeon.
You were not hungry.

You visited 1 branch of the dungeon, and saw 3 of its levels.

You collected 139 gold pieces.

Inventory:

Hand Weapons
 p - a +0 war axe (weapon)
Armour
 a - a +0 shield
 g - a +0 scale mail (worn)
Jewellery
 l - a cursed -3 ring of dexterity (left hand)
Scrolls
 b - a scroll of magic mapping {unknown}
 d - 2 scrolls of teleportation
 e - a scroll of identify
 f - a scroll of fear {unknown}
 j - 3 scrolls of enchant armour
 k - a scroll of enchant weapon {unknown}
 m - a scroll of remove curse {unknown}
 q - a scroll of fog {unknown}
Potions
 h - a potion of agility {unknown}
 n - a potion of lignification {unknown}
 o - a potion of curing {unknown}
Comestibles
 c - 2 rations
 i - 2 chunks of flesh


   Skills:
 + Level 4.4 Fighting
 * Level 5.8 Axes
 + Level 2.1 Armour
 - Level 2.4 Dodging
 - Level 1.5 Stealth
 + Level 0.3 Shields


You had 3 spell levels left.
You didn't know any spells.
Your spell library was empty.

Dungeon Overview and Level Annotations

Branches:
Dungeon (3/15)

Altars:


Message History

The gnoll closely misses you.
You barely miss the gnoll.
The gnoll is moderately wounded.
The gnoll hits you with a +0 whip.
* * * LOW HITPOINT WARNING * * *
The gnoll closely misses you.
You slash the gnoll!
You kill the gnoll!
You see here a throwing net.
The gnoll closely misses you.
The gnoll hits you from afar with a +0 halberd!
* * * LOW HITPOINT WARNING * * *
The gnoll barely misses you.
You hit the gnoll.
The gnoll is lightly wounded.
The gnoll misses you.
You completely miss the gnoll.
The gnoll is lightly wounded.
The gnoll hits you with a +0 halberd!
You die...

.. . .#.#
##.#.###.##.#
#...........#
#..#..##.#.. #
#..#.<#.... #.
#..<.....#
#.#####.##.g#(#
#.........@..#
#.#.###.##(...#
#.# #.##†....#
#.#
#...........
#.#
####.........
#.# ....##.###
#.# =#### .#
#.# #.# # #.#
#.#


You could see a gnoll.

Vanquished Creatures
  2 gnolls (D:3)
  4 adders
  2 worms
  2 leopard geckos
  5 bats
  3 giant cockroaches (D:2)
  5 hobgoblins
  3 jackals (D:2)
  6 kobolds
  2 quokkas (D:2)
  5 frilled lizards
  5 goblins
  4 rats
48 creatures vanquished.

Notes
Turn   | Place    | Note
-------+----------+-------------------------------------------
     0 | D:1      | XanderDroid the Hill Orc Monk began the quest for the Orb.
     0 | D:1      | Reached XP level 1. HP: 19/19 MP: 1/1
   537 | D:1      | Reached XP level 2. HP: 27/27 MP: 2/2
   653 | D:2      | Reached skill level 1 in Armour
   750 | D:2      | Reached XP level 3. HP: 33/33 MP: 3/3
   817 | D:2      | Reached skill level 5 in Axes
  1447 | D:2      | Reached XP level 4. HP: 39/40 MP: 4/4
  2124 | D:3      | Mangled by a gnoll

Vault maps used:
D:1:      minmay_arrival_plants_in_alcoves

Skill      XL: |  1  2  3  4 |
---------------+-------------+-----
Armour         | 1 2 |  2.1
Fighting       | 4 |  4.4
Axes           | 5 |  5.8
Dodging        | |  2.4
Stealth        | |  1.5
Shields        | |  0.3

Action                   |  1- 3 |  4- 6 || total
-------------------------+-------+-------++-------
Melee: Hand axe          |   103 |    68 ||   171
       War axe           |       |    19 ||    19
  Use: Scroll            |       |     3 ||     3
  Eat: Chunk             |     1 |     3 ||     4
Armor: Scale mail        |    32 |    41 ||    73
       Robe              |     1 |       ||     1
Dodge: Dodged            |    73 |    44 ||   117

Table legend:
 A = Non-vault XP
 B = Vault XP
 C = Vault XP percentage of total XP
 D = Non-vault monster count
 E = Vault monster count
 F = Vault count percentage of total count
                 A         B        C        D         E       F
            +---------+---------+-------+---------+---------+-------
      Total |     161 |       0 |   0.0 |      48 |       0 |   0.0
            +---------+---------+-------+---------+---------+-------
        D:1 |      11 |       0 |   0.0 |       7 |       0 |   0.0
        D:2 |      92 |       0 |   0.0 |      31 |       0 |   0.0
        D:3 |      58 |       0 |   0.0 |      10 |       0 |   0.0
            +---------+---------+-------+---------+---------+-------
